 Dungeon Crawl Stone Soup version 0.18.1-48-g4cf74bf (webtiles) character file.

44 tyranidshit the Skirmisher (level 3, -2/31 HPs)
             Began as a Demonspawn Abyssal Knight on Sept 8, 2016.
             Was a Believer of Lugonu.
             Slain by an adder (5 damage)
             ... on level 2 of the Dungeon.
             The game lasted 00:04:15 (1033 turns).

tyranidshit the Skirmisher (DsAK)                   Turns: 1033, Time: 00:04:15

Health: -2/31      AC:  3    Str: 10 (13) XL:     3   Next: 41%
Magic:  4/4        EV: 11    Int: 11 (13) God:    Lugonu [**....]
Gold:   14         SH:  0    Dex: 10 (12) Spells: 0 memorised, 2 levels left

rFire  . . .     SeeInvis .     a - +1 hand axe
rCold  . . .     Gourm    .     b - +0 leather armour
rNeg   . . .     Faith    .     (no shield)
rPois  .         Spirit   .     (no helmet)
rElec  .         Dismiss  .     (no cloak)
rCorr  .         Reflect  .     (no gloves)
SustAt .         Harm     .     (no boots)
MR     .....                    (no amulet)
Stlth  +.........               (no ring)
                                (no ring)

@: not resistant to hostile enchantments, very unstealthy
A: talons 1, powered by pain 1
a: Depart the Abyss, Bend Space, Renounce Religion


You were on level 2 of the Dungeon.
You worshipped Lugonu.
Lugonu was pleased with you.
You were not hungry.

You visited 1 branch of the dungeon, and saw 2 of its levels.
You visited the Abyss 1 time.

You collected 14 gold pieces.

Inventory:

Hand Weapons
 a - a +1 hand axe (weapon)
Missiles
 d - 51 arrows
Armour
 b - a +0 leather armour (worn)
 g - a +0 chain mail
Scrolls
 e - 3 scrolls of identify
 i - a scroll of recharging
Books
 h - a book of Burglary

   Spells                             Type                      Level
   a - Swiftness                      Charms/Air                   2
   b - Passwall                       Transmutation/Earth          2
   c - Passage of Golubria            Translocation                4
   d - Lee's Rapid Deconstruction     Earth                        5
   e - Darkness                       Hexes                        6
   f - Invisibility                   Hexes                        6


   Skills:
 + Level 4.5 Fighting
 - Level 1.7 Axes
 - Level 1.7 Armour
 - Level 0.8 Dodging
 - Level 2.4 Invocations


You had 2 spell levels left.
You didn't know any spells.

Dungeon Overview and Level Annotations

Branches:
Dungeon (2/15)

Altars:


Innate Abilities, Weirdness & Mutations

You have sharp toenails.
You sometimes gain a little power by taking damage.


Message History

You hit the goblin.
You kill the goblin!
Lugonu accepts your kill.
You can now bend space around yourself.
Items here: ) ††† a club; a goblin corpse; a jackal corpse x2
You now have 14 gold pieces (gained 6).
There are no items here.
You open the door.
Found a stone staircase leading down.
There is an open door here.
Found 17 stones and a long sword.
A bat and an adder come into view.
Found 11 gold pieces and a scroll of remove curse.
The adder bites you.
* * * LOW HITPOINT WARNING * * *
There is an open door here.
You miss the adder. The adder misses you.
You closely miss the adder. The adder bites you but does no damage.
The adder bites you.
You die...

#.....# .
#####.....#### .
#............# .
#............#####.
#..................
#.............###..
#..............##..
##....#######..)..#
########@####
#..#### ........S.#
#..# ..........#
#..# ..........###
#..# ########>...#
#..# ####.# ####..#
#....# #.....####
.......(.
#........(
b........#
#.....####


You could see an adder.

Vanquished Creatures
  An ooze (D:1)
  2 giant geckos (D:1)
  2 ball pythons (D:1)
  4 giant cockroaches (D:1)
  5 goblins
  3 hobgoblins (D:1)
  2 jackals (D:2)
  7 bats (D:1)
  A giant newt (D:1)
  6 kobolds
  3 rats (D:1)
36 creatures vanquished.

Notes
Turn   | Place    | Note
--------------------------------------------------------------
     0 | Abyss:1  | tyranidshit the Demonspawn Abyssal Knight began the quest for the Orb.
     0 | Abyss:1  | Reached XP level 1. HP: 18/18 MP: 2/2
    40 | Abyss:1  | Noticed a crimson imp
    90 | Abyss:3  | Found a corrupted altar of Lugonu.
   133 | Abyss:3  | Noticed a sixfirhy
   134 | Abyss:3  | Noticed a cacodemon
   135 | Abyss:3  | Noticed a sixfirhy
   135 | D:1      | Escaped the Abyss
   230 | D:1      | Gained mutation: You sometimes gain a little power by taking damage. [demonic ancestry]
   230 | D:1      | Reached XP level 2. HP: 15/24 MP: 3/3
   285 | D:1      | Reached * piety under Lugonu
   499 | D:1      | Reached skill level 4 in Fighting
   664 | D:1      | Gained mutation: You have sharp toenails. [demonic ancestry]
   664 | D:1      | Reached XP level 3. HP: 29/30 MP: 4/4
   926 | D:1      | HP: 1/31 [dart slug/slug dart (3)]
   999 | D:2      | Reached ** piety under Lugonu
  1033 | D:2      | Slain by an adder

Skill      XL: |  1  2 |
---------------+-------+-----
Fighting       | 4 |  4.5
Axes           | |  1.7
Armour         | |  1.7
Dodging        | |  0.8
Invocations    | |  2.4

Action                   || total
-------------------------++-------
Melee: Hand axe          ||   107
       Kick              ||     9
Invok: Depart the Abyss  ||     1
  Use: Potion            ||     5
       Scroll            ||     3
 Stab: Sleeping          ||     1
  Eat: Bread ration      ||     1
Armor: Leather armour    ||    44
Dodge: Dodged            ||    90
